 Dungeon Crawl Stone Soup version 0.30-a0-1123-gabc949cf19 (webtiles) character file.

Game seed: 17120335533775479448

67 Red5 the Tainter (level 4, -2/32 HPs)
             Began as a Gnoll Wanderer on Apr 22, 2023.
             Was an Initiate of Ashenzari.
             Slain by Crazy Yiuf
             ... wielding a +3 quarterstaff of chaos
              (10 damage)
             ... on level 3 of the Dungeon.
             The game lasted 00:25:02 (1346 turns).

Red5 the Tainter (Gnoll Wanderer)                   Turns: 1346, Time: 00:25:02

Health: -2/32      AC:  4    Str: 11    XL:     4   Next: 18%
Magic:  6/8        EV: 12    Int: 17    God:    Ashenzari [......]
Gold:   64         SH:  0    Dex:  8    Spells: 3/9 levels left

rFire   . . .        a - +0 club
rCold   . . .        (no shield)
rNeg    . . .        d - +0 robe
rPois   .            (no helmet)
rElec   .            (no cloak)
rCorr   .            f - +1 pair of gloves
SInv    .            (no boots)
Will    .....        (no amulet)
Stlth   +            (no ring)
HPRegen 0.25/turn    (no ring)
MPRegen 0.11/turn

%: no passive effects
@: very slightly contaminated
A: fangs 1, strong nose, distributed training
a: Renounce Religion, Curse Item


You were on level 3 of the Dungeon.
You worshipped Ashenzari.
Ashenzari was noncommittal.
You visited 1 branch of the dungeon, and saw 3 of its levels.

You collected 64 gold pieces.

Inventory:

Hand Weapons
 a - a +0 club (weapon)
 h - a +0 whip
Armour
 d - a +0 robe (worn)
 f - a +1 pair of gloves (worn)
 i - a +0 robe
Wands
 b - a wand of polymorph (3)
Scrolls
 e - a scroll of silence
 g - 3 scrolls of teleportation
Potions
 c - a potion of invisibility


   Skills:
 + Level 1.1 Fighting
 + Level 1.1 Short Blades
 + Level 1.1 Long Blades
 + Level 1.1 Axes
 + Level 1.1 Maces & Flails
 + Level 1.1 Polearms
 + Level 1.1 Staves
 + Level 1.1 Ranged Weapons
 + Level 2.7 Throwing
 + Level 1.1 Armour
 + Level 2.7 Dodging
 + Level 1.1 Stealth
 + Level 1.1 Shields
 + Level 1.1 Unarmed Combat
 + Level 3.0 Spellcasting
 + Level 0.8 Conjurations
 + Level 0.8 Hexes
 + Level 0.8 Summonings
 + Level 0.8 Necromancy
 + Level 0.8 Translocations
 + Level 0.8 Transmutations
 + Level 0.8 Fire Magic
 + Level 0.8 Ice Magic
 + Level 0.8 Air Magic
 + Level 0.8 Earth Magic
 + Level 8.8 Poison Magic
 + Level 1.2 Invocations
 + Level 4.6 Evocations


You had 3 spell levels left.
You knew the following spells:

 Your Spells              Type           Power      Damage    Failure   Level
a - Sting                 Tmut/Pois      76%        1d6       2%          1
b - Poisonous Vapours     Pois/Air       38%        N/A       3%          2
c - Cigotuvi's Dreadful   Necr/Pois/Air  28%        N/A       6%          2
d - Slow                  Hex            20%        N/A       12%         1

Your spell library contained the following spells:

 Spells                   Type           Power      Damage    Failure   Level
 Confusing Touch          Hex            5%         N/A       36%         3
 Vampiric Draining        Necr           5%         2d6       36%         3


Dungeon Overview and Level Annotations

Branches:
Dungeon (3/15)

Altars:
Ashenzari

Annotations:
D:3 Crazy Yiuf


Innate Abilities, Weirdness & Mutations

You have very sharp teeth.
Your uncanny sense of smell can sniff out nearby items.
Your experience applies equally to all skills.


Message History

Crazy Yiuf begs, "Please don't kill me!"
You start resting.
Crazy Yiuf is nearby!
Crazy Yiuf shouts!
Casting: Sting (safe; 2% risk of failure)
Confirm with . or Enter, or press ? or * to list all spells.
Aiming: Slow (safe; 12% risk of failure)
Press: ? - help, Shift-Dir - straight line, f/p - Crazy Yiuf
Aim: Crazy Yiuf, wielding a +3 quarterstaff of chaos and wearing a +2 cloak (chance to affect: 48%) Crazy Yiuf seems to slow down.
Crazy Yiuf is no longer moving slowly.
Crazy Yiuf whimpers, "Fluff eyeball sizzlefizz!"
Crazy Yiuf whimpers, "Nubble snail ena!"
Crazy Yiuf grits, "Island!"
Crazy Yiuf sings, "Trees, trees, trees, circus!"
Crazy Yiuf says, "Race return to song senile!"
You see here a potion of invisibility.
c - a potion of invisibility Crazy Yiuf attacks as you move away!
Crazy Yiuf misses you.
Crazy Yiuf grits, "Flower sow alas!"
Crazy Yiuf attacks as you move away! Crazy Yiuf closely misses you.
Crazy Yiuf attacks as you move away!
Crazy Yiuf hits you with a +3 quarterstaff of chaos!
* * * LOW HITPOINT WARNING * * *
Casting: Slow (safe; 12% risk of failure)
Confirm with . or Enter, or press ? or * to list all spells.
Aiming: Slow (safe; 12% risk of failure)
Press: ? - help, Shift-Dir - straight line, f/p - Crazy Yiuf
Aim: Crazy Yiuf, wielding a +3 quarterstaff of chaos and wearing a +2 cloak (chance to affect: 48%) Crazy Yiuf seems to slow down.
Casting: Slow (safe; 12% risk of failure)
Confirm with . or Enter, or press ? or * to list all spells.
Aiming: Sting (safe; 2% risk of failure)
Press: ? - help, Shift-Dir - straight line, f/p - Crazy Yiuf
Aim: Crazy Yiuf, wielding a +3 quarterstaff of chaos and wearing a +2 cloak (slow, 77% to hit)
You miscast Sting.
You are very lightly contaminated with residual magic.
Nothing appears to happen.
Crazy Yiuf hits you with a +3 quarterstaff of chaos!
You die...

##.... #..$. ..#
#..# #.#####
#####..####.....
##..............∆
####...##..# #..#
.....#..#..####..#
####.............#
##...##.....g@#
##.#########.# #.#
#... #.# ####.#
##'## # ##...##
##.....##
##.......##
##.........#


You could see Crazy Yiuf (slow).

Vanquished Creatures
  2 adders
  2 dart slugs (D:1)
  5 ball pythons
  4 endoplasms
  5 giant cockroaches
  2 hobgoblins (D:1)
  7 jackals
  A kobold (D:2)
  2 quokkas (D:1)
  4 bats
  A frilled lizard (D:2)
  4 rats
39 creatures vanquished.

Vanquished Creatures (others)
  A plant (D:1)
1 creature vanquished.

Grand Total: 40 creatures vanquished

Notes
Turn   | Place    | Note
-------+----------+-------------------------------------------
     0 | D:1      | Red5 the Gnoll Wanderer began the quest for the Orb.
     0 | D:1      | Red5 set off with the following items: a +0 club, a wand of
                  | polymorph (3), a scroll of fear, a +0 robe, a scroll of
                  | silence; and the following spell memorised: Sting; and the
                  | following spells available to memorise: Poisonous Vapours,
                  | Cigotuvi's Dreadful Rot.
     0 | D:1      | Reached XP level 1. HP: 13/13 MP: 4/4
   126 | D:1      | Reached XP level 2. HP: 14/19 MP: 3/5
   302 | D:1      | HP: 1/20 [frozen (4)]
   529 | D:1      | Reached XP level 3. HP: 24/25 MP: 5/7
   732 | D:2      | Reached skill level 1 in Invocations
   781 | D:2      | Learned a level 2 spell: Poisonous Vapours
   784 | D:2      | Learned a level 2 spell: Cigotuvi's Dreadful Rot
   786 | D:2      | Learned a level 1 spell: Slow
   952 | D:2      | Reached skill level 1 in Fighting
   952 | D:2      | Reached skill level 1 in Short Blades
   952 | D:2      | Reached skill level 1 in Long Blades
   952 | D:2      | Reached skill level 1 in Axes
   952 | D:2      | Reached skill level 1 in Maces & Flails
   952 | D:2      | Reached skill level 1 in Polearms
   952 | D:2      | Reached skill level 1 in Staves
   952 | D:2      | Reached skill level 1 in Ranged Weapons
   952 | D:2      | Reached skill level 1 in Armour
   952 | D:2      | Reached skill level 1 in Stealth
   952 | D:2      | Reached skill level 1 in Shields
   952 | D:2      | Reached skill level 1 in Unarmed Combat
  1030 | D:2      | Found a faded altar of an unknown god.
  1071 | D:2      | Prayed at the altar of an unknown god.
  1071 | D:2      | Became a worshipper of Ashenzari the Shackled
  1148 | D:3      | Reached XP level 4. HP: 10/32 MP: 5/8
  1281 | D:3      | Found a runed translucent door.
  1282 | D:3      | Noticed Crazy Yiuf
  1346 | D:3      | Slain by Crazy Yiuf

Illustrated notes

Levels and vault maps discovered:
D:1:      sevenhm_arrival_forest_fort_small_3, layout_basic
D:2:      layout_loops_cross, basic_altar, basic_ecumenical_altar,
          supply_closet_lemuel
D:3:      layout_loops_corners, marbit_many_paths, uniq_ijyb,
          uniq_crazy_yiuf_cottage

Skill      XL: |  1  2  3 |
---------------+----------+-----
Invocations    | 1 |  1.2
Fighting       | 1 |  1.1
Short Blades   | 1 |  1.1
Long Blades    | 1 |  1.1
Axes           | 1 |  1.1
Maces & Flails | 1 |  1.1
Polearms       | 1 |  1.1
Staves         | 1 |  1.1
Ranged Weapons | 1 |  1.1
Armour         | 1 |  1.1
Stealth        | 1 |  1.1
Shields        | 1 |  1.1
Unarmed Combat | 1 |  1.1
Spellcasting   | 3 |  3.0
Throwing       | |  2.7
Dodging        | |  2.7
Conjurations   | |  0.8
Hexes          | |  0.8
Summonings     | |  0.8
Necromancy     | |  0.8
Translocations | |  0.8
Transmutations | |  0.8
Fire Magic     | |  0.8
Ice Magic      | |  0.8
Air Magic      | |  0.8
Earth Magic    | |  0.8
Poison Magic   | |  8.8
Evocations     | |  4.6

Action                     |  1- 3 |  4- 6 || total
---------------------------+-------+-------++-------
  Melee: Club              |   119 |     5 ||   124
         Bite              |    15 |     1 ||    16
   Cast: Sting             |    25 |       ||    25
         Cigotuvi's Dreadf |     1 |       ||     1
         Slow              |       |     2 ||     2
    Use: Potion            |     8 |     1 ||     9
         Scroll            |     1 |     2 ||     3
 Armour: Robe              |    42 |       ||    42
  Dodge: Dodged            |   130 |     2 ||   132

Table legend: (Time is in decaauts)
 A = Elapsed time spent in this place.
 B = Non-inter-level travel time spent in this place.
 C = Inter-level travel time spent in this place.
 D = Time resting spent in this place.
 E = Time spent auto-exploring this place.
 F = Levels seen in this place.
 G = Mean time per level.
                   A        B        C        D        E       F      G
               +--------+--------+--------+--------+--------+-----+--------+
         Total |   1379 |   1379 |      0 |    127 |      0 |   3 |  459.7 |
       Dungeon |   1379 |   1379 |      0 |    127 |      0 |   3 |  459.7 |
               +--------+--------+--------+--------+--------+-----+--------+

Top non-repeatable levels by time:
     D:1: 722 daAuts
     D:2: 398 daAuts
     D:3: 259 daAuts
